Scraper vs Carnivores

Created - 8 mars 2015 at 20:05

Goals
1 2 3 T
Scraper 0 3 1 4
Carnivores 0 2 0 2
Shots
1 2 3 T
Scraper 5 9 14 28
Carnivores 9 15 5 29

1st period

No Goal

Penalties :
Ilkka Heikkinen (Out) for Holding (Minor) at 16:14

2nd period

1. Carnivores , Jeremy Welsh 15 (Matt Cullen, David Van Der Gulik) at 6:29 (PP)
2. Carnivores , Lane MacDermid 4 (Colton Orr, Zack Smith) at 7:06
3. Scraper , Valeri Bure 25 (Evander Kane, Jared Cowen) at 12:00 (PP)
4. Scraper , Valeri Bure 26 (Evander Kane, Rick Schofield) at 14:55
5. Scraper , Rick Schofield 13 (Valeri Bure, Evander Kane) at 16:56

Penalties :
Jerome Samson (Out) for Hooking (Minor) at 5:15, Bobby Sanguinetti (Bre) for Tripping (Minor) at 8:21, Colton Orr (Bre) for Tripping (Minor) at 11:37, Marcus Foligno (Out) for High sticking (Minor) at 17:49

3rd period

6. Scraper , Eric Godard 27 (Derek Joslin, Daniel Winnik) at 11:49 (PP)

Penalties :
Evander Kane (Out) for Hooking (Minor) at 2:15, Valeri Bure (Out) for Roughing (Minor) at 4:31, Jeremy Welsh (Bre) for Hooking (Minor) at 10:39, Brendan Smith (Out) for Holding (Minor) at 14:32

Goalie Stats

Maxime Ouellet (Out), 27 saves from 29 shots - (0,931), W, 15-12-3, 60:00 minutes
Antti Raanta (Bre), 24 saves from 28 shots - (0,857), L, 6-13-1, 60:00 minutes

Players Stats for Scraper

Player Name              G  A  P  +/- PIM S  H  SB GA TA FO     MP     PP MP  PK MP  
------------------------------------------------------------------------------------
Brayden Schenn           0  0  0  -1  0   0  2  0  0  0  0/3    12:45   0:13   0:42 
Brendan Smith            0  0  0   2  2   1  1  0  0  0  0/0    28:35   2:28   5:28 
Daniel Winnik            0  1  1   0  0   5  1  1  1  0  2/3    19:55   2:10   3:28 
Derek Joslin             0  1  1   2  0   2  0  3  0  1  0/0    24:42   2:28   6:10 
Eric Godard              1  0  1   0  0   4  0  1  1  1  7/8    25:20   2:10   6:06 
Eric Gryba               0  0  0   0  0   0  1  0  0  1  0/0     9:43   0:00   0:00 
Eric Knodel              0  0  0   0  0   0  0  0  0  0  0/0     5:27   0:00   0:14 
Evander Kane             0  3  3   2  2   2  2  1  0  0  0/0    17:28   1:20   1:16 
Ilkka Heikkinen          0  0  0  -1  2   2  0  1  0  0  0/0    19:37   1:04   3:45 
Jared Cowen              0  1  1  -1  0   1  0  2  0  0  0/0    19:49   1:04   4:18 
Jerome Samson            0  0  0   0  2   0  0  0  0  0  0/0     6:27   0:02   0:00 
Joe Finley               0  0  0   0  0   0  1  1  0  1  0/0    12:08   0:00   2:23 
Marcus Foligno           0  0  0  -1  2   0  3  1  0  0  0/1    11:41   0:00   0:11 
Reilly Smith             0  0  0  -1  0   0  2  1  0  0  1/1    12:12   0:02   0:00 
Rick Schofield           1  1  2   2  0   2  1  0  0  0  11/15  14:30   1:09   0:00 
Riley Armstrong          0  0  0   0  0   5  1  0  2  0  12/22  21:57   2:10   6:00 
Riley Nash               0  0  0   0  0   0  0  0  0  0  0/0     0:00   0:00   0:00 
Roman Horak              0  0  0   0  0   0  0  0  0  0  0/0     0:11   0:00   0:00 
Ryan O'Reilly            0  0  0   0  0   0  0  0  0  0  3/5     9:06   0:00   2:22 
Valeri Bure              2  1  3   2  2   4  1  0  0  0  0/1    17:12   1:20   2:13 

Players Stats for Carnivores

Player Name              G  A  P  +/- PIM S  H  SB GA TA FO     MP     PP MP  PK MP  
------------------------------------------------------------------------------------
Andrew Ference           0  0  0  -1  0   2  0  5  1  0  0/0    26:23   6:47   2:44 
Anton Gustafsson         0  0  0  -2  0   2  1  0  0  0  10/29  23:21   5:33   2:27 
Billy Sweat              0  0  0   0  0   1  0  0  1  0  0/1    12:51   2:09   0:26 
Blake Geoffrion          0  0  0  -2  0   3  3  0  0  0  0/2    14:28   2:33   0:00 
Bobby Sanguinetti        0  0  0   0  2   0  0  1  0  0  0/0    17:19   4:22   0:00 
Chris Butler             0  0  0   0  0   0  0  0  1  0  0/0     6:12   0:00   0:00 
Colton Orr               0  1  1   1  2   2  1  0  0  1  0/1    12:15   0:18   2:04 
David Schlemko           0  0  0   0  0   0  0  1  0  0  0/0     6:12   0:00   0:00 
David Van Der Gulik      0  1  1   0  0   0  1  0  0  1  0/1    17:30   5:01   0:00 
Frederic St-Denis        0  0  0   0  0   1  0  0  0  0  0/0    10:06   0:00   0:48 
Ian Schultz              0  0  0   0  0   0  0  0  0  1  0/0     7:45   0:00   0:00 
Jeremy Welsh             1  0  1   0  2   2  1  0  0  0  1/3    17:26   5:01   0:00 
John Moore               0  0  0  -1  0   4  2  2  0  1  0/0    26:23   6:47   2:44 
Kyle Wilson              0  0  0   0  0   0  2  1  0  0  1/3     8:51   0:26   0:10 
Lane MacDermid           1  0  1   1  0   2  0  1  0  0  0/0    12:16   1:35   0:39 
Matt Cullen              0  1  1   0  0   4  2  0  0  0  7/12   17:48   5:01   0:26 
Patrick McNeill          0  0  0   0  0   1  2  1  0  0  0/0     9:18   0:00   0:00 
Phil Oreskovic           0  0  0   0  0   0  2  1  0  0  0/0    18:07   4:22   0:48 
Tim Conboy               0  0  0  -2  0   4  2  0  1  0  2/2    20:56   5:50   0:00 
Zack Smith               0  1  1   1  0   1  0  1  0  0  2/5    10:57   0:00   0:52 

3 Stars

1 - Valeri Bure (Out)
2 - Rick Schofield (Out)
3 - Evander Kane (Out)

Power Play

Scraper - 2 on 4 Attempt(s) - 50,00%
Carnivores - 1 on 6 Attempt(s) - 16,67%

Penalty Kill

Scraper - 5 on 6 Attempt(s) - 83,33% - Score 0 goal in Penalty Kill
Carnivores - 2 on 4 Attempt(s) - 50,00% - Score 0 goal in Penalty Kill

Team Stat

Scraper - Hits : 16 - Faceoff Wins : 36 - Blocked Shots : 12 - Penalty Minutes : 12
Carnivores - Hits : 19 - Faceoff Wins : 23 - Blocked Shots : 14 - Penalty Minutes : 6

Official

Referees : Leggo Mike and McCauley Wes
Linesman : Brian Murphy and Tim Nowak

Game Notes

13:42 of 2nd period - Penalty Shot by Tim Conboy for Carnivores - Stopped by Maxime Ouellet
Blake Geoffrion is injured at 1:33 of 3rd period (Broken Bone (Left Leg))

Finance

Level 1 -- Attendance: 1559 (77,95%) -- Ticket Income 62 360 $
Level 2 -- Attendance: 780 (78,00%) -- Ticket Income 14 820 $
Total Attendance: 2339 (77,97%)
Total Ticket Income: 77 180 $
Other Income: 3 859 $
Total Income: 81 039 $

Scraper

5 vs 5 Forward 
   Center                   Left Wing                Right Wing               Time % Phy DF OF 
 1 Riley Armstrong          Daniel Winnik            Eric Godard              40     1   2  2  
 2 Rick Schofield           Evander Kane             Valeri Bure              30     1   2  2  
 3 Brayden Schenn           Marcus Foligno           Reilly Smith             20     1   2  2  
 4 Ryan O'Reilly            Eric Godard              Jerome Samson            10     1   2  2  

5 vs 5 Defense 
   Defense                  Defense                                           Time % Phy DF OF 
 1 Brendan Smith            Derek Joslin                                      40     1   2  2  
 2 Ilkka Heikkinen          Jared Cowen                                       30     1   2  2  
 3 Eric Gryba               Joe Finley                                        20     1   2  2  
 4 Eric Knodel              Brendan Smith                                     10     1   2  2  

PowerPlay Forward 
   Center                   Left Wing                Right Wing               Time % Phy DF OF 
 1 Riley Armstrong          Daniel Winnik            Eric Godard              60     1   2  2  
 2 Rick Schofield           Evander Kane             Valeri Bure              40     1   2  2  

PowerPlay Defense
   Defense                  Defense                                           Time % Phy DF OF 
 1 Brendan Smith            Derek Joslin                                      60     1   2  2  
 2 Ilkka Heikkinen          Jared Cowen                                       40     1   2  2  

Penalty Kill 4 Players Forward 
   Center                   Wing                     Time % Phy DF OF 
 1 Eric Godard              Riley Armstrong          60     1   2  2  
 2 Valeri Bure              Daniel Winnik            40     1   2  2  

Penalty Kill 4 Players Defense
   Defense                  Defense                  Time % Phy DF OF 
 1 Brendan Smith            Derek Joslin             60     1   2  2  
 2 Ilkka Heikkinen          Jared Cowen              40     1   2  2  

Penalty Kill - 3 Players Forward 
   Forward                                           Time % Phy DF OF 
 1 Eric Godard                                       60     1   2  2  
 2 Riley Armstrong                                   40     1   2  2  

Penalty Kill - 3 Players Defense
   Defense                  Defense                  Time % Phy DF OF 
 1 Brendan Smith            Derek Joslin             60     1   2  2  
 2 Ilkka Heikkinen          Jared Cowen              40     1   2  2  

4 vs 4 Forward 
   Center                   Wing                     Time % Phy DF OF 
 1 Eric Godard              Riley Armstrong          60     1   2  2  
 2 Valeri Bure              Daniel Winnik            40     1   2  2  

4 vs 4 Defense
   Defense                  Defense                  Time % Phy DF OF 
 1 Brendan Smith            Derek Joslin             60     1   2  2  
 2 Ilkka Heikkinen          Jared Cowen              40     1   2  2  

Last Minutes Offensive
   Center                   Left Wing                Right Wing               Defense                  Defense                  
   Riley Armstrong          Daniel Winnik            Eric Godard              Brendan Smith            Derek Joslin             

Last Minutes Defensive
   Center                   Left Wing                Right Wing               Defense                  Defense                  
   Riley Armstrong          Daniel Winnik            Eric Godard              Brendan Smith            Derek Joslin             

Goaltenders
Starting : Maxime Ouellet           
Backup : Peter Mannino            

Extra Forwards
Normal : Brayden Schenn, Reilly Smith, Ryan O'Reilly - PP : Brayden Schenn, Reilly Smith - PK : Ryan O'Reilly
Extra Defensemen
Normal : Eric Gryba, Joe Finley, Eric Knodel - PP : Eric Gryba - PK : Joe Finley, Eric Knodel
Penalty Shots
Eric Godard, Riley Armstrong, Valeri Bure, Daniel Winnik, Evander Kane

Carnivores

5 vs 5 Forward 
   Center                   Left Wing                Right Wing               Time % Phy DF OF 
 1 Anton Gustafsson         Blake Geoffrion          Tim Conboy               40     1   2  2  
 2 Matt Cullen              Jeremy Welsh             David Van Der Gulik      30     1   2  2  
 3 Zack Smith               Lane MacDermid           Colton Orr               17     1   2  2  
 4 Kyle Wilson              Billy Sweat              Ian Schultz              13     1   2  2  

5 vs 5 Defense 
   Defense                  Defense                                           Time % Phy DF OF 
 1 Andrew Ference           John Moore                                        40     1   2  2  
 2 Bobby Sanguinetti        Phil Oreskovic                                    30     1   2  2  
 3 Patrick McNeill          Frederic St-Denis                                 17     1   2  2  
 4 Chris Butler             David Schlemko                                    13     1   2  2  

PowerPlay Forward 
   Center                   Left Wing                Right Wing               Time % Phy DF OF 
 1 Anton Gustafsson         Blake Geoffrion          Tim Conboy               60     1   2  2  
 2 Matt Cullen              Jeremy Welsh             David Van Der Gulik      40     1   2  2  

PowerPlay Defense
   Defense                  Defense                                           Time % Phy DF OF 
 1 Andrew Ference           John Moore                                        60     1   2  2  
 2 Bobby Sanguinetti        Phil Oreskovic                                    40     1   2  2  

Penalty Kill 4 Players Forward 
   Center                   Wing                     Time % Phy DF OF 
 1 Anton Gustafsson         Colton Orr               60     1   2  2  
 2 Matt Cullen              Billy Sweat              40     1   2  2  

Penalty Kill 4 Players Defense
   Defense                  Defense                  Time % Phy DF OF 
 1 Andrew Ference           John Moore               60     1   2  2  
 2 Phil Oreskovic           Frederic St-Denis        40     1   2  2  

Penalty Kill - 3 Players Forward 
   Forward                                           Time % Phy DF OF 
 1 Anton Gustafsson                                  60     1   2  2  
 2 Matt Cullen                                       40     1   2  2  

Penalty Kill - 3 Players Defense
   Defense                  Defense                  Time % Phy DF OF 
 1 Andrew Ference           John Moore               60     1   2  2  
 2 Phil Oreskovic           Frederic St-Denis        40     1   2  2  

4 vs 4 Forward 
   Center                   Wing                     Time % Phy DF OF 
 1 Anton Gustafsson         Tim Conboy               60     1   2  2  
 2 Matt Cullen              David Van Der Gulik      40     1   2  2  

4 vs 4 Defense
   Defense                  Defense                  Time % Phy DF OF 
 1 Andrew Ference           John Moore               60     1   2  2  
 2 Bobby Sanguinetti        Phil Oreskovic           40     1   2  2  

Last Minutes Offensive
   Center                   Left Wing                Right Wing               Defense                  Defense                  
   Matt Cullen              Blake Geoffrion          Colton Orr               Andrew Ference           Phil Oreskovic           

Last Minutes Defensive
   Center                   Left Wing                Right Wing               Defense                  Defense                  
   Matt Cullen              Blake Geoffrion          Colton Orr               Andrew Ference           Phil Oreskovic           

Goaltenders
Starting : Antti Raanta             
Backup : Steve Mason              

Extra Forwards
Normal : Anton Gustafsson, Billy Sweat, Zack Smith - PP : Anton Gustafsson, Billy Sweat - PK : Zack Smith
Extra Defensemen
Normal : Bobby Sanguinetti, Chris Butler, Frederic St-Denis - PP : Bobby Sanguinetti - PK : Chris Butler, Frederic St-Denis
Penalty Shots
Matt Cullen, Colton Orr, Tim Conboy, David Van Der Gulik, Blake Geoffrion

% Time on Ice - Scraper

Lines # - Real PCT - Wanted PCT - Time Play
Normal Forward
1 - 32% - 40% - 14:32
2 - 30% - 30% - 13:34
3 - 25% - 20% - 11:07
4 - 13% - 10% - 6:06
Normal Defense
1 - 36% - 40% - 16:16
2 - 32% - 30% - 14:27
3 - 21% - 20% - 9:43
4 - 11% - 10% - 4:53
PP Forward
1 - 62% - 60% - 2:12
2 - 38% - 40% - 1:20
PP Defense
1 - 70% - 60% - 2:28
2 - 30% - 40% - 1:04
PK Forward
1 - 73% - 60% - 8:10
2 - 27% - 40% - 2:59
PK Defense
1 - 61% - 60% - 6:51
2 - 39% - 40% - 4:18
PK3 Forward
1 - 0% - 60%
2 - 0% - 40%
PK3 Defense
1 - 0% - 60%
2 - 0% - 40%
44 Forward
1 - 0% - 60%
2 - 0% - 40%
44 Defense
1 - 0% - 60%
2 - 0% - 40%
Last Minute Offensive  - 0:00
Last Minute Defensive  - 0:00
Total
Forward - 60:00
Defense - 60:00

% Time on Ice - Carnivores

Lines # - Real PCT - Wanted PCT - Time Play
Normal Forward
1 - 36% - 40% - 16:11
2 - 28% - 30% - 12:39
3 - 19% - 17% - 8:44
4 - 17% - 13% - 7:45
Normal Defense
1 - 37% - 40% - 16:52
2 - 29% - 30% - 12:57
3 - 21% - 17% - 9:18
4 - 14% - 13% - 6:12
PP Forward
1 - 55% - 60% - 6:08
2 - 45% - 40% - 5:01
PP Defense
1 - 61% - 60% - 6:47
2 - 39% - 40% - 4:22
PK Forward
1 - 88% - 60% - 3:06
2 - 12% - 40% - 0:26
PK Defense
1 - 77% - 60% - 2:44
2 - 23% - 40% - 0:48
PK3 Forward
1 - 0% - 60%
2 - 0% - 40%
PK3 Defense
1 - 0% - 60%
2 - 0% - 40%
44 Forward
1 - 0% - 60%
2 - 0% - 40%
44 Defense
1 - 0% - 60%
2 - 0% - 40%
Last Minute Offensive  - 0:00
Last Minute Defensive  - 0:00
Total
Forward - 60:00
Defense - 60:00

Play by Play

1st period


0:01 of 1st period - Riley Armstrong wins face-off versus Anton Gustafsson in neutral zone.
0:31 of 1st period - Icing by Jeremy Welsh.
0:32 of 1st period - Rick Schofield wins face-off versus Matt Cullen in Carnivores zone.
0:33 of 1st period - Slapshot by Valeri Bure.
0:33 of 1st period - Stopped by Antti Raanta with a rebound.
1:26 of 1st period - Slapshot by Ilkka Heikkinen.
1:26 of 1st period - Stopped by Antti Raanta without a rebound.
1:27 of 1st period - Kyle Wilson wins face-off versus Riley Armstrong in Carnivores zone.
1:36 of 1st period - Wrist shot by Kyle Wilson.
1:36 of 1st period - Shot Blocked by Joe Finley.
1:54 of 1st period - David Van Der Gulik is hit by Eric Gryba and loses puck.
2:03 of 1st period - Slapshot by Matt Cullen.
2:03 of 1st period - Shot Misses the Net.
2:38 of 1st period - Wrist shot by Colton Orr.
2:38 of 1st period - Stopped by Maxime Ouellet with a rebound.
2:52 of 1st period - Slapshot by Eric Godard.
2:52 of 1st period - Deflect By Ryan O'Reilly.
2:52 of 1st period - Shot Misses the Net.
2:52 of 1st period - Puck is out of play.
2:53 of 1st period - Ryan O'Reilly wins face-off versus Kyle Wilson in Carnivores zone.
2:58 of 1st period - Snap shot by Eric Godard.
2:58 of 1st period - Shot Blocked by Kyle Wilson.
3:00 of 1st period - Snap shot by Ryan O'Reilly.
3:00 of 1st period - Shot Misses the Net.
3:02 of 1st period - Slapshot by Derek Joslin.
3:02 of 1st period - Shot Blocked by Bobby Sanguinetti.
4:22 of 1st period - Kyle Wilson is hit by Evander Kane and loses puck.
4:38 of 1st period - Snap shot by Tim Conboy.
4:38 of 1st period - Deflect By Eric Godard.
4:38 of 1st period - Shot Misses the Net.
4:38 of 1st period - Puck is out of play.
4:39 of 1st period - Riley Armstrong wins face-off versus Anton Gustafsson in Scraper zone.
4:44 of 1st period - Snap shot by Riley Armstrong.
4:44 of 1st period - Shot Misses the Net.
5:24 of 1st period - Brayden Schenn is hit by Patrick McNeill.
5:28 of 1st period - Snap shot by Reilly Smith.
5:28 of 1st period - Shot Misses the Net.
5:48 of 1st period - Wrist shot by Valeri Bure.
5:48 of 1st period - Deflect By Evander Kane.
5:48 of 1st period - Shot Blocked by Zack Smith.
5:48 of 1st period - Puck is out of play.
5:49 of 1st period - Rick Schofield wins face-off versus Zack Smith in Carnivores zone.
5:50 of 1st period - Snap shot by Evander Kane.
5:50 of 1st period - Shot Misses the Net.
5:57 of 1st period - Icing by David Schlemko.
5:58 of 1st period - Riley Armstrong wins face-off versus Zack Smith in Carnivores zone.
6:05 of 1st period - Snap shot by Riley Armstrong.
6:05 of 1st period - Shot Blocked by David Schlemko.
6:07 of 1st period - Snap shot by Riley Armstrong.
6:07 of 1st period - Deflect By Eric Godard.
6:07 of 1st period - Shot Misses the Net.
6:07 of 1st period - Puck is out of play.
6:08 of 1st period - Riley Armstrong wins face-off versus Anton Gustafsson in Carnivores zone.
6:25 of 1st period - Slapshot by Eric Godard.
6:25 of 1st period - Shot Blocked by John Moore.
6:27 of 1st period - Wrist shot by Daniel Winnik.
6:27 of 1st period - Stopped by Antti Raanta with a rebound.
6:29 of 1st period - Slapshot by Brendan Smith.
6:29 of 1st period - Shot Blocked by Andrew Ference.
6:47 of 1st period - Slapshot by Eric Godard.
6:47 of 1st period - Shot Misses the Net.
7:17 of 1st period - Snap shot by Eric Godard.
7:17 of 1st period - Deflect By Daniel Winnik.
7:17 of 1st period - Deflect By Andrew Ference.
7:17 of 1st period - Stopped by Antti Raanta with a rebound.
7:52 of 1st period - Wrist shot by Blake Geoffrion.
7:52 of 1st period - Stopped by Maxime Ouellet without a rebound.
7:53 of 1st period - Rick Schofield wins face-off versus David Van Der Gulik in Scraper zone.
7:53 of 1st period - Rick Schofield is hit by Matt Cullen.
8:03 of 1st period - Snap shot by Matt Cullen.
8:03 of 1st period - Stopped by Maxime Ouellet with a rebound.
8:29 of 1st period - Snap shot by Colton Orr.
8:29 of 1st period - Shot Misses the Net.
9:10 of 1st period - Snap shot by Zack Smith.
9:10 of 1st period - Deflect By Colton Orr.
9:10 of 1st period - Deflect By Evander Kane.
9:10 of 1st period - Shot Misses the Net.
9:10 of 1st period - Puck is out of play.
9:11 of 1st period - Ryan O'Reilly wins face-off versus Zack Smith in Scraper zone.
9:36 of 1st period - Evander Kane is hit by Phil Oreskovic and loses puck.
10:33 of 1st period - Slapshot by Brendan Smith.
10:33 of 1st period - Stopped by Antti Raanta without a rebound.
10:34 of 1st period - Matt Cullen wins face-off versus Brayden Schenn in Carnivores zone.
11:01 of 1st period - John Moore is hit by Riley Armstrong and loses puck.
11:30 of 1st period - John Moore is hit by Reilly Smith.
11:51 of 1st period - Snap shot by Matt Cullen.
11:51 of 1st period - Shot Misses the Net.
14:08 of 1st period - Wrist shot by Tim Conboy.
14:08 of 1st period - Shot Misses the Net.
14:10 of 1st period - Slapshot by Frederic St-Denis.
14:10 of 1st period - Stopped by Maxime Ouellet with a rebound.
14:17 of 1st period - Icing by Marcus Foligno.
14:18 of 1st period - Riley Armstrong wins face-off versus Colton Orr in Scraper zone.
14:41 of 1st period - Wrist shot by Matt Cullen.
14:41 of 1st period - Shot Blocked by Eric Godard.
14:43 of 1st period - Wrist shot by Matt Cullen.
14:43 of 1st period - Shot Blocked by Jared Cowen.
14:45 of 1st period - Slapshot by Andrew Ference.
14:45 of 1st period - Stopped by Maxime Ouellet with a rebound.
15:13 of 1st period - Wrist shot by Colton Orr.
15:13 of 1st period - Shot Misses the Net.
15:15 of 1st period - Snap shot by Lane MacDermid.
15:15 of 1st period - Shot Blocked by Reilly Smith.
15:17 of 1st period - Snap shot by John Moore.
15:17 of 1st period - Deflect By Brayden Schenn.
15:17 of 1st period - Stopped by Maxime Ouellet with a rebound.
15:19 of 1st period - Wrist shot by Colton Orr.
15:19 of 1st period - Shot Misses the Net.
15:39 of 1st period - Eric Godard is hit by Kyle Wilson and loses puck.
15:58 of 1st period - Snap shot by Blake Geoffrion.
15:58 of 1st period - Shot Blocked by Derek Joslin.
16:00 of 1st period - Snap shot by Anton Gustafsson.
16:00 of 1st period - Shot Blocked by Marcus Foligno.
16:02 of 1st period - Wrist shot by Anton Gustafsson.
16:02 of 1st period - Stopped by Maxime Ouellet without a rebound.
16:03 of 1st period - Matt Cullen wins face-off versus Rick Schofield in Scraper zone.
16:12 of 1st period - Snap shot by David Van Der Gulik.
16:12 of 1st period - Shot Blocked by Ilkka Heikkinen.
16:14 of 1st period - Minor Penalty to Ilkka Heikkinen for Holding.
16:15 of 1st period - Eric Godard wins face-off versus Anton Gustafsson in Scraper zone.
16:26 of 1st period - Wrist shot by Tim Conboy.
16:26 of 1st period - Stopped by Maxime Ouellet without a rebound.
16:27 of 1st period - Eric Godard wins face-off versus Anton Gustafsson in Scraper zone.
16:42 of 1st period - Backhand shot by Blake Geoffrion.
16:42 of 1st period - Stopped by Maxime Ouellet with a rebound.
16:58 of 1st period - Andrew Ference is hit by Joe Finley and loses puck.
17:05 of 1st period - Jared Cowen is hit by John Moore and loses puck.
18:14 of 1st period - Penalty to Ilkka Heikkinen is over, Ilkka Heikkinen is back on ice.
18:48 of 1st period - Jared Cowen is hit by Kyle Wilson and loses puck.
19:10 of 1st period - Off-side.
19:11 of 1st period - Zack Smith wins face-off versus Brayden Schenn in neutral zone.
19:59 of 1st period - Slapshot by Blake Geoffrion.
19:59 of 1st period - Shot Misses the Net.
Goals for this period are 0 for Scraper vs 0 for Carnivores.
Shots for this period are 5 for Scraper vs 9 for Carnivores.

2nd period


0:01 of 2nd period - Anton Gustafsson wins face-off versus Riley Armstrong in neutral zone.
0:12 of 2nd period - Slapshot by Tim Conboy.
0:12 of 2nd period - Stopped by Maxime Ouellet with a rebound.
0:59 of 2nd period - Icing by Ilkka Heikkinen.
1:00 of 2nd period - Tim Conboy wins face-off versus Brayden Schenn in Scraper zone.
1:09 of 2nd period - Snap shot by Tim Conboy.
1:09 of 2nd period - Stopped by Maxime Ouellet with a rebound.
1:11 of 2nd period - Snap shot by Tim Conboy.
1:11 of 2nd period - Shot Blocked by Jared Cowen.
1:13 of 2nd period - Snap shot by Anton Gustafsson.
1:13 of 2nd period - Stopped by Maxime Ouellet without a rebound.
1:14 of 2nd period - Jeremy Welsh wins face-off versus Riley Armstrong in Scraper zone.
1:23 of 2nd period - Snap shot by David Van Der Gulik.
1:23 of 2nd period - Shot Blocked by Derek Joslin.
1:25 of 2nd period - Wrist shot by David Van Der Gulik.
1:25 of 2nd period - Shot Misses the Net.
1:27 of 2nd period - Slapshot by Bobby Sanguinetti.
1:27 of 2nd period - Shot Misses the Net.
1:29 of 2nd period - Slapshot by Matt Cullen.
1:29 of 2nd period - Stopped by Maxime Ouellet with a rebound.
1:47 of 2nd period - Icing by Frederic St-Denis.
1:48 of 2nd period - Rick Schofield wins face-off versus Anton Gustafsson in Carnivores zone.
1:53 of 2nd period - Wrist shot by Evander Kane.
1:53 of 2nd period - Shot Misses the Net.
2:15 of 2nd period - Eric Godard is hit by Tim Conboy and loses puck.
2:24 of 2nd period - Ilkka Heikkinen is hit by Tim Conboy and loses puck.
3:10 of 2nd period - Eric Godard is hit by Patrick McNeill and loses puck.
3:15 of 2nd period - Snap shot by Blake Geoffrion.
3:15 of 2nd period - Stopped by Maxime Ouellet with a rebound.
3:17 of 2nd period - Snap shot by Tim Conboy.
3:17 of 2nd period - Shot Blocked by Daniel Winnik.
3:19 of 2nd period - Slapshot by Patrick McNeill.
3:19 of 2nd period - Stopped by Maxime Ouellet without a rebound.
3:20 of 2nd period - Rick Schofield wins face-off versus Jeremy Welsh in Scraper zone.
4:10 of 2nd period - Wrist shot by Billy Sweat.
4:10 of 2nd period - Deflect By Derek Joslin.
4:10 of 2nd period - Stopped by Maxime Ouellet without a rebound.
4:11 of 2nd period - Matt Cullen wins face-off versus Ryan O'Reilly in Scraper zone.
4:55 of 2nd period - Snap shot by Brayden Schenn.
4:55 of 2nd period - Shot Blocked by Andrew Ference.
5:15 of 2nd period - Minor Penalty to Jerome Samson for Hooking.
5:16 of 2nd period - Eric Godard wins face-off versus Anton Gustafsson in Scraper zone.
6:06 of 2nd period - Riley Armstrong is hit by Jeremy Welsh and loses puck.
6:25 of 2nd period - Snap shot by Matt Cullen.
6:25 of 2nd period - Shot Misses the Net.
6:27 of 2nd period - Wrist shot by Jeremy Welsh.
6:27 of 2nd period - Stopped by Maxime Ouellet with a rebound.
6:29 of 2nd period - Snap shot by Jeremy Welsh.
6:29 of 2nd period - Goal by Jeremy Welsh - Scraper : 0 - Carnivores : 1.
6:30 of 2nd period - Rick Schofield wins face-off versus Anton Gustafsson in neutral zone.
6:37 of 2nd period - Snap shot by Valeri Bure.
6:37 of 2nd period - Shot Misses the Net.
6:39 of 2nd period - Slapshot by Derek Joslin.
6:39 of 2nd period - Deflect By Evander Kane.
6:39 of 2nd period - Stopped by Antti Raanta with a rebound.
6:41 of 2nd period - Wrist shot by Evander Kane.
6:41 of 2nd period - Stopped by Antti Raanta with a rebound.
7:06 of 2nd period - Wrist shot by Lane MacDermid.
7:06 of 2nd period - Goal by Lane MacDermid - Scraper : 0 - Carnivores : 2.
7:07 of 2nd period - Anton Gustafsson wins face-off versus Riley Armstrong in neutral zone.
7:10 of 2nd period - Snap shot by Andrew Ference.
7:10 of 2nd period - Stopped by Maxime Ouellet without a rebound.
7:11 of 2nd period - Riley Armstrong wins face-off versus Anton Gustafsson in Scraper zone.
7:11 of 2nd period - Riley Armstrong is hit by Blake Geoffrion.
7:43 of 2nd period - Snap shot by Matt Cullen.
7:43 of 2nd period - Stopped by Maxime Ouellet without a rebound.
7:44 of 2nd period - Matt Cullen wins face-off versus Valeri Bure in Scraper zone.
8:21 of 2nd period - Minor Penalty to Bobby Sanguinetti for Tripping.
8:22 of 2nd period - Anton Gustafsson wins face-off versus Riley Armstrong in Carnivores zone.
8:48 of 2nd period - Colton Orr is hit by Brendan Smith.
10:21 of 2nd period - Penalty to Bobby Sanguinetti is over, Bobby Sanguinetti is back on ice.
11:37 of 2nd period - Minor Penalty to Colton Orr for Tripping.
11:38 of 2nd period - Rick Schofield wins face-off versus Anton Gustafsson in Carnivores zone.
11:52 of 2nd period - Icing by Ilkka Heikkinen.
11:53 of 2nd period - Anton Gustafsson wins face-off versus Rick Schofield in Scraper zone.
12:00 of 2nd period - Wrist shot by Evander Kane.
12:00 of 2nd period - Deflect By Valeri Bure.
12:00 of 2nd period - Goal by Valeri Bure - Scraper : 1 - Carnivores : 2.
12:01 of 2nd period - Anton Gustafsson wins face-off versus Riley Armstrong in neutral zone.
12:13 of 2nd period - Brendan Smith is hit by Blake Geoffrion and loses puck.
12:36 of 2nd period - Wrist shot by Evander Kane.
12:36 of 2nd period - Shot Misses the Net.
12:38 of 2nd period - Slapshot by Derek Joslin.
12:38 of 2nd period - Shot Blocked by Andrew Ference.
12:40 of 2nd period - Wrist shot by Rick Schofield.
12:40 of 2nd period - Deflect By Andrew Ference.
12:40 of 2nd period - Stopped by Antti Raanta with a rebound.
13:42 of 2nd period - Penalty Shot by Tim Conboy for Carnivores.
13:42 of 2nd period - Snap shot by Tim Conboy.
13:42 of 2nd period - Stopped by Maxime Ouellet.
13:43 of 2nd period - Anton Gustafsson wins face-off versus Marcus Foligno in Carnivores zone.
13:43 of 2nd period - Anton Gustafsson is hit by Marcus Foligno.
14:14 of 2nd period - Snap shot by Valeri Bure.
14:14 of 2nd period - Stopped by Antti Raanta without a rebound.
14:15 of 2nd period - Riley Armstrong wins face-off versus Matt Cullen in Carnivores zone.
14:16 of 2nd period - Slapshot by Daniel Winnik.
14:16 of 2nd period - Shot Misses the Net.
14:26 of 2nd period - Wrist shot by Daniel Winnik.
14:26 of 2nd period - Shot Misses the Net.
14:37 of 2nd period - Icing by Eric Godard.
14:38 of 2nd period - Daniel Winnik wins face-off versus Blake Geoffrion in Scraper zone.
14:47 of 2nd period - Snap shot by Evander Kane.
14:47 of 2nd period - Deflect By Valeri Bure.
14:47 of 2nd period - Shot Misses the Net.
14:47 of 2nd period - Puck is out of play.
14:48 of 2nd period - Rick Schofield wins face-off versus Anton Gustafsson in Carnivores zone.
14:49 of 2nd period - Wrist shot by Evander Kane.
14:49 of 2nd period - Shot Misses the Net.
14:55 of 2nd period - Snap shot by Valeri Bure.
14:55 of 2nd period - Goal by Valeri Bure - Scraper : 2 - Carnivores : 2.
14:56 of 2nd period - Tim Conboy wins face-off versus Riley Armstrong in neutral zone.
15:01 of 2nd period - Backhand shot by Tim Conboy.
15:01 of 2nd period - Shot Misses the Net.
15:03 of 2nd period - Wrist shot by Tim Conboy.
15:03 of 2nd period - Stopped by Maxime Ouellet with a rebound.
15:05 of 2nd period - Snap shot by Tim Conboy.
15:05 of 2nd period - Shot Blocked by Derek Joslin.
15:07 of 2nd period - Slapshot by John Moore.
15:07 of 2nd period - Stopped by Maxime Ouellet without a rebound.
15:08 of 2nd period - Riley Armstrong wins face-off versus Anton Gustafsson in Scraper zone.
15:38 of 2nd period - Wrist shot by Riley Armstrong.
15:38 of 2nd period - Stopped by Antti Raanta with a rebound.
15:40 of 2nd period - Snap shot by Derek Joslin.
15:40 of 2nd period - Stopped by Antti Raanta without a rebound.
15:41 of 2nd period - Matt Cullen wins face-off versus Rick Schofield in Carnivores zone.
15:55 of 2nd period - Snap shot by David Van Der Gulik.
15:55 of 2nd period - Shot Misses the Net.
16:07 of 2nd period - Bobby Sanguinetti is hit by Marcus Foligno and loses puck.
16:28 of 2nd period - Backhand shot by John Moore.
16:28 of 2nd period - Stopped by Maxime Ouellet without a rebound.
16:29 of 2nd period - Ryan O'Reilly wins face-off versus Kyle Wilson in Scraper zone.
16:54 of 2nd period - Slapshot by Valeri Bure.
16:54 of 2nd period - Shot Hit the Post.
16:56 of 2nd period - Wrist shot by Rick Schofield.
16:56 of 2nd period - Goal by Rick Schofield - Scraper : 3 - Carnivores : 2.
16:57 of 2nd period - Riley Armstrong wins face-off versus Anton Gustafsson in neutral zone.
17:04 of 2nd period - Snap shot by Riley Armstrong.
17:04 of 2nd period - Shot Misses the Net.
17:49 of 2nd period - Minor Penalty to Marcus Foligno for High sticking.
17:50 of 2nd period - Eric Godard wins face-off versus Anton Gustafsson in Scraper zone.
17:58 of 2nd period - Eric Godard is hit by Blake Geoffrion and loses puck.
18:27 of 2nd period - Snap shot by Matt Cullen.
18:27 of 2nd period - Shot Misses the Net.
18:29 of 2nd period - Slapshot by John Moore.
18:29 of 2nd period - Shot Misses the Net.
19:49 of 2nd period - Penalty to Marcus Foligno is over, Marcus Foligno is back on ice.
Goals for this period are 3 for Scraper vs 2 for Carnivores.
Shots for this period are 9 for Scraper vs 15 for Carnivores.

3rd period


0:01 of 3rd period - Riley Armstrong wins face-off versus Anton Gustafsson in neutral zone.
0:06 of 3rd period - Slapshot by Riley Armstrong.
0:06 of 3rd period - Stopped by Antti Raanta without a rebound.
0:07 of 3rd period - Riley Armstrong wins face-off versus Blake Geoffrion in Carnivores zone.
0:14 of 3rd period - Snap shot by Eric Godard.
0:14 of 3rd period - Shot Misses the Net.
0:16 of 3rd period - Wrist shot by Daniel Winnik.
0:16 of 3rd period - Shot Misses the Net.
0:18 of 3rd period - Snap shot by Daniel Winnik.
0:18 of 3rd period - Stopped by Antti Raanta with a rebound.
0:20 of 3rd period - Snap shot by Eric Godard.
0:20 of 3rd period - Shot Misses the Net.
0:22 of 3rd period - Wrist shot by Riley Armstrong.
0:22 of 3rd period - Stopped by Antti Raanta without a rebound.
0:23 of 3rd period - Rick Schofield wins face-off versus Matt Cullen in Carnivores zone.
0:49 of 3rd period - John Moore is hit by Marcus Foligno and loses puck.
1:14 of 3rd period - Slapshot by Riley Armstrong.
1:14 of 3rd period - Stopped by Antti Raanta with a rebound.
1:16 of 3rd period - Snap shot by Jared Cowen.
1:16 of 3rd period - Stopped by Antti Raanta with a rebound.
1:22 of 3rd period - Snap shot by Eric Godard.
1:22 of 3rd period - Shot Misses the Net.
1:32 of 3rd period - Blake Geoffrion is hit by Evander Kane and loses puck.
1:33 of 3rd period - Blake Geoffrion from Carnivores is injured at 1:33 of 3rd period (Broken Bone (Left Leg)).
1:34 of 3rd period - Eric Godard wins face-off versus Billy Sweat in Carnivores zone.
1:37 of 3rd period - Wrist shot by Eric Godard.
1:37 of 3rd period - Stopped by Antti Raanta with a rebound.
1:39 of 3rd period - Snap shot by Riley Armstrong.
1:39 of 3rd period - Stopped by Antti Raanta without a rebound.
1:40 of 3rd period - Anton Gustafsson wins face-off versus Riley Armstrong in Carnivores zone.
1:40 of 3rd period - Anton Gustafsson is hit by Daniel Winnik.
1:48 of 3rd period - Slapshot by Andrew Ference.
1:48 of 3rd period - Deflect By Anton Gustafsson.
1:48 of 3rd period - Shot Misses the Net.
1:48 of 3rd period - Puck is out of play.
1:49 of 3rd period - Riley Armstrong wins face-off versus Anton Gustafsson in Scraper zone.
1:49 of 3rd period - Riley Armstrong is hit by John Moore.
2:15 of 3rd period - Minor Penalty to Evander Kane for Hooking.
2:16 of 3rd period - Eric Godard wins face-off versus Anton Gustafsson in Scraper zone.
4:15 of 3rd period - Penalty to Evander Kane is over, Evander Kane is back on ice.
4:22 of 3rd period - Backhand shot by Zack Smith.
4:22 of 3rd period - Stopped by Maxime Ouellet with a rebound.
4:24 of 3rd period - Slapshot by Lane MacDermid.
4:24 of 3rd period - Stopped by Maxime Ouellet without a rebound.
4:25 of 3rd period - Zack Smith wins face-off versus Rick Schofield in Scraper zone.
4:31 of 3rd period - Minor Penalty to Valeri Bure for Roughing.
4:32 of 3rd period - Eric Godard wins face-off versus Anton Gustafsson in Scraper zone.
5:02 of 3rd period - Derek Joslin is hit by Matt Cullen and loses puck.
5:21 of 3rd period - Ryan O'Reilly is hit by Anton Gustafsson and loses puck.
6:15 of 3rd period - Lane MacDermid is hit by Brayden Schenn and loses puck.
6:31 of 3rd period - Penalty to Valeri Bure is over, Valeri Bure is back on ice.
6:46 of 3rd period - Snap shot by Valeri Bure.
6:46 of 3rd period - Shot Blocked by Lane MacDermid.
7:15 of 3rd period - Zack Smith is hit by Valeri Bure and loses puck.
8:10 of 3rd period - Jared Cowen is hit by David Van Der Gulik and loses puck.
10:39 of 3rd period - Minor Penalty to Jeremy Welsh for Hooking.
10:40 of 3rd period - Anton Gustafsson wins face-off versus Daniel Winnik in Carnivores zone.
10:44 of 3rd period - Off-side.
10:45 of 3rd period - Anton Gustafsson wins face-off versus Riley Armstrong in neutral zone.
11:15 of 3rd period - Snap shot by Riley Armstrong.
11:15 of 3rd period - Shot Blocked by Andrew Ference.
11:17 of 3rd period - Snap shot by Brendan Smith.
11:17 of 3rd period - Shot Blocked by John Moore.
11:19 of 3rd period - Slapshot by Brendan Smith.
11:19 of 3rd period - Shot Misses the Net.
11:21 of 3rd period - Wrist shot by Daniel Winnik.
11:21 of 3rd period - Shot Misses the Net.
11:23 of 3rd period - Slapshot by Derek Joslin.
11:23 of 3rd period - Shot Misses the Net.
11:39 of 3rd period - Snap shot by Daniel Winnik.
11:39 of 3rd period - Shot Misses the Net.
11:41 of 3rd period - Slapshot by Brendan Smith.
11:41 of 3rd period - Shot Misses the Net.
11:43 of 3rd period - Slapshot by Brendan Smith.
11:43 of 3rd period - Shot Blocked by Andrew Ference.
11:45 of 3rd period - Snap shot by Daniel Winnik.
11:45 of 3rd period - Stopped by Antti Raanta with a rebound.
11:47 of 3rd period - Slapshot by Derek Joslin.
11:47 of 3rd period - Shot Misses the Net.
11:49 of 3rd period - Slapshot by Eric Godard.
11:49 of 3rd period - Goal by Eric Godard - Scraper : 4 - Carnivores : 2.
11:50 of 3rd period - Rick Schofield wins face-off versus Matt Cullen in neutral zone.
11:55 of 3rd period - Wrist shot by Valeri Bure.
11:55 of 3rd period - Shot Blocked by Phil Oreskovic.
12:01 of 3rd period - Snap shot by Phil Oreskovic.
12:01 of 3rd period - Shot Blocked by Evander Kane.
12:03 of 3rd period - Wrist shot by Matt Cullen.
12:03 of 3rd period - Shot Misses the Net.
12:05 of 3rd period - Wrist shot by Jeremy Welsh.
12:05 of 3rd period - Shot Misses the Net.
12:15 of 3rd period - Kyle Wilson is hit by Brayden Schenn and loses puck.
13:01 of 3rd period - Off-side.
13:02 of 3rd period - Reilly Smith wins face-off versus Matt Cullen in neutral zone.
13:29 of 3rd period - Andrew Ference is hit by Rick Schofield and loses puck.
13:50 of 3rd period - Wrist shot by Riley Armstrong.
13:50 of 3rd period - Shot Misses the Net.
13:52 of 3rd period - Slapshot by Eric Godard.
13:52 of 3rd period - Shot Misses the Net.
13:54 of 3rd period - Slapshot by Derek Joslin.
13:54 of 3rd period - Stopped by Antti Raanta without a rebound.
13:55 of 3rd period - Matt Cullen wins face-off versus Riley Armstrong in Carnivores zone.
14:00 of 3rd period - Slapshot by John Moore.
14:00 of 3rd period - Deflect By Daniel Winnik.
14:00 of 3rd period - Stopped by Maxime Ouellet without a rebound.
14:01 of 3rd period - Daniel Winnik wins face-off versus Jeremy Welsh in Scraper zone.
14:04 of 3rd period - Snap shot by Matt Cullen.
14:04 of 3rd period - Stopped by Maxime Ouellet with a rebound.
14:15 of 3rd period - Off-side.
14:16 of 3rd period - Rick Schofield wins face-off versus Anton Gustafsson in neutral zone.
14:32 of 3rd period - Minor Penalty to Brendan Smith for Holding.
14:33 of 3rd period - Anton Gustafsson wins face-off versus Eric Godard in Scraper zone.
16:26 of 3rd period - Icing by David Van Der Gulik.
16:27 of 3rd period - Matt Cullen wins face-off versus Ryan O'Reilly in Carnivores zone.
16:32 of 3rd period - Penalty to Brendan Smith is over, Brendan Smith is back on ice.
16:46 of 3rd period - Slapshot by Ilkka Heikkinen.
16:46 of 3rd period - Stopped by Antti Raanta with a rebound.
16:58 of 3rd period - Valeri Bure is hit by Colton Orr and loses puck.
17:03 of 3rd period - Wrist shot by Colton Orr.
17:03 of 3rd period - Stopped by Maxime Ouellet with a rebound.
17:26 of 3rd period - Slapshot by Derek Joslin.
17:26 of 3rd period - Shot Blocked by Patrick McNeill.
17:28 of 3rd period - Snap shot by Daniel Winnik.
17:28 of 3rd period - Stopped by Antti Raanta with a rebound.
17:30 of 3rd period - Wrist shot by Eric Godard.
17:30 of 3rd period - Stopped by Antti Raanta with a rebound.
17:32 of 3rd period - Backhand shot by Eric Godard.
17:32 of 3rd period - Stopped by Antti Raanta with a rebound.
19:10 of 3rd period - Marcus Foligno is hit by Phil Oreskovic and loses puck.
19:57 of 3rd period - Jeremy Welsh is hit by Reilly Smith and loses puck.
Goals for this period are 1 for Scraper vs 0 for Carnivores.
Shots for this period are 14 for Scraper vs 5 for Carnivores.


Output by the SimonT Hockey Simulator (STHS) for François Prévost -- Original Page W3C XHTML 1.0 Valid
Hockey Simulator - Hockey Simulation - Hockey Manager